 Dungeon Crawl Stone Soup version 0.31.0-12-g77e489cdc1 (webtiles) character file.

Game seed: 10314668718616481922

82 Gadfly the Shooter (level 4, -7/27 HPs)
             Began as a Kobold Hunter on Feb 15, 2024.
             Killed by nerve-wracking pain
             ... invoked by Jessica
              (10 damage)
             ... on level 3 of the Dungeon.
             The game lasted 00:04:37 (1588 turns).

Gadfly the Shooter (Kobold Hunter)                  Turns: 1588, Time: 00:04:38

Health: -7/27      AC:  5    Str:  5 (8)  XL:     4   Next: 70%
Magic:  5/5        EV: 14    Int:  7 (10) God:
Gold:   45         SH:  0    Dex: 19 (20) Spells: 3/3 levels left

rFire   . . .        (weapon restricted)
rCold   . . .        (no shield)
rNeg    . . .        c - +0 leather armour
rPois   .            (no helmet)
rElec   .            m - +0 cloak
rCorr   .            (no gloves)
SInv    .            j - +0 pair of boots
Will    .....        (no amulet)
Stlth   +++          (no ring)
HPRegen 0.24/turn    (no ring)
MPRegen 0.09/turn

%: no passive effects
@: mighty
A: small, no large weapons, nightstalker 3
a: no special abilities


You were on level 3 of the Dungeon.
You visited 1 branch of the dungeon, and saw 3 of its levels.

You collected 63 gold pieces.
You spent 18 gold pieces at shops.

Inventory:

Hand Weapons
 a - a +0 heavy shortbow
 e - a +0 antimagic whip
Armour
 c - a +0 leather armour (worn)
 j - a +0 pair of boots (worn)
 m - a +0 cloak (worn)
Scrolls
 b - a scroll of butterflies
 g - 2 scrolls of vulnerability {unknown}
Potions
 f - 3 potions of might


   Skills:
 + Level 2.7 Fighting
 + Level 5.7 Ranged Weapons
 + Level 3.0 Dodging
 - Level 1.3 Stealth
 * Level 2.1 Invocations
 * Level 2.4 Evocations


You had 3 spell levels left.
You didn't know any spells.
Your spell library was empty.

Dungeon Overview and Level Annotations

Branches:
Dungeon (3/15)

Altars:

Shops:
D:1 :   D:2 (*=*

Annotations:
D:3 Jessica, Sigmund


Innate Abilities, Weirdness & Mutations

You are small and have problems with some larger weapons.
You are completely attuned to the shadows.


Message History

Sigmund the Dreaded comes into view.
He is wielding a +0 scythe.
Jessica points at you and mumbles some strange words.
Pain shoots through your body! The orc misses you.
Jessica casts a spell at you.
You barely resist. You shoot an arrow. The arrow barely misses the orc.
The orc hits you with a +0 war axe. The orc barely misses you.
Jessica mumbles some strange words.
Jessica blinks!
Unknown command.
You shoot an arrow. The arrow hits the orc!
You kill the orc!
Jessica casts a spell at you. Pain shoots through your body!
Sigmund hits you from afar with a +0 scythe!
* * * LOW HITPOINT WARNING * * *
Your Dodging skill increases to level 3!
Unknown command.
Unknown command.
You are too injured to fight recklessly!
You are too injured to fight recklessly!
Unknown command.
You are too injured to fight recklessly!
You feel better. Sigmund misses you. Jessica hits you with a +0 dagger.
* * * LOW HITPOINT WARNING * * *
Okay, then.
You are now empty-handed.
Jessica barely misses you.
You feel very mighty all of a sudden. Jessica hits you but does no damage.
Sigmund points at you and mumbles some strange words.
The puff of flame hits you.
* * * LOW HITPOINT WARNING * * *
It was a potion of degeneration.
There was something very wrong with that liquid.
You feel weakened.
You feel dopey.
You feel clumsy. Jessica barely misses you. Sigmund closely misses you.
Jessica casts a spell at you. Pain shoots through your body!
You die...

.......##
........##
.........#
........#.).
................
................
...........†.)#
...........@..#
...........@@?#.
............)...
................
................
................
...............
##............
#...........


You could see Sigmund and Jessica.

Vanquished Creatures
  A gnoll (D:1)
  An adder (D:2)
  A dart slug (D:3)
  3 orcs (D:3)
  4 bats (D:1)
  6 endoplasms
  4 giant cockroaches
  5 goblins
  2 hobgoblins (D:1)
  6 kobolds
  4 quokkas
  10 ball pythons
  A frilled lizard (D:2)
  7 rats
55 creatures vanquished.

Notes
Turn   | Place    | Note
-------+----------+-------------------------------------------
     0 | D:1      | Gadfly the Kobold Hunter began the quest for the Orb.
     0 | D:1      | Reached XP level 1. HP: 12/12 MP: 1/1
   110 | D:1      | Reached XP level 2. HP: 17/17 MP: 2/2
   112 | D:1      | Reached skill level 1 in Evocations
   197 | D:1      | Reached skill level 1 in Invocations
   365 | D:1      | Found Edacsake's Book Shoppe.
   394 | D:1      | Reached XP level 3. HP: 22/22 MP: 3/3
   765 | D:2      | Found Cawkepp's Assorted Antiques.
   771 | D:2      | Bought a fuming brown potion for 18 gold pieces
   824 | D:2      | Found Ipnanwen's General Store.
   841 | D:2      | Found Sahia's Jewellery Boutique.
   895 | D:2      | Found Axageim's Antique Weapon Shoppe.
   974 | D:2      | Reached XP level 4. HP: 27/27 MP: 5/5
  1578 | D:3      | Noticed Jessica
  1580 | D:3      | Noticed Sigmund
  1588 | D:3      | Killed from afar by Jessica

Illustrated notes

Levels and vault maps discovered:
D:1:      hellmonk_arrival_library, layout_basic, serial_shops, shop
D:2:      layout_basic, serial_shops, shop, shop, nicolae_shop_stone,
          nicolae_shop_gaudy_bauble, minmay_shallow_snake_nest
D:3:      layout_basic, uniq_sigmund, uniq_jessica

Skill      XL: |  1  2  3  4 |
---------------+-------------+-----
Evocations     | 1 2 |  2.4
Invocations    | 1 2 |  2.1
Dodging        | 3 |  3.0
Fighting       | |  2.7
Ranged Weapons | |  5.7
Stealth        | |  1.3

Action                     |  1- 3 |  4- 6 || total
---------------------------+-------+-------++-------
   Fire: Shortbow          |    73 |    30 ||   103
    Use: Scroll            |     4 |     3 ||     7
         Potion            |       |     3 ||     3
 Armour: Leather armour    |     8 |     9 ||    17
  Dodge: Dodged            |    17 |    18 ||    35
